Map: Nightshade LE

Players

sOs - Winner!

  • Race: Protoss Protoss
  • Spawn Location: 5:00

Stats

  • Race: Protoss Protoss
  • Spawn Location: 11:00

Event: IEM Katowice 2020

VOD

Have the link to the VOD?

Description

Time

  • Played on: Feb. 29, 2020, 9:28 a.m.
  • Length: 8:20

All games in this series

Show
View Real Time Build Order
Export as new Build Order

sOs Protoss - Winner!

Build Orders: Oracle Opening, Blink Stalkers 

Get SALT Encoding   

  12  0:00  Probe  
  13  0:12  Probe  
  14  0:16  Pylon  
  14  0:24  Probe (Chrono Boost)  
  16  0:36  Gateway  
  16  0:37  Probe (Chrono Boost)  
  16  0:43  Probe (Chrono Boost)  
  16  0:46  Assimilator  
  17  0:51  Probe  
  17  0:54  Assimilator  
  18  1:03  Probe (Chrono Boost)  
  19  1:07  Gateway  
  19  1:13  Probe (Chrono Boost)  
  19  1:18  Probe (Chrono Boost)  
  20  1:23  Cybernetics Core  
  21  1:29  Probe  
  22  1:33  Pylon  
  22  1:41  Probe  
  23  1:55  Probe  
  23  2:00  Adept x2  
  23  2:01  Warp Gate  
  28  2:10  Pylon  
  28  2:11  Pylon  
  28  2:13  Probe  
  29  2:31  Stargate  
  29  2:34  Stalker  
  33  3:13  Oracle (Chrono Boost)  
  33  3:14  Nexus  
  33  3:17  Probe  
  37  3:28  Twilight Council  
  37  3:29  Probe  
  36  3:41  Probe  
  36  3:45  Pylon  
  37  3:50  Stalker  
  37  3:51  Stalker  
  37  3:55  Probe  
  42  3:59  Blink (Chrono Boost)  
  42  4:07  Probe  
  43  4:19  Probe  
  44  4:24  Stalker x2  
  44  4:27  Probe  
  49  4:32  Probe (Chrono Boost)  
  50  4:39  Gateway  
  50  4:40  Probe (Chrono Boost)  
  52  4:50  Probe x2 (Chrono Boost)  
  53  4:57  Probe, Stalker x2  
  53  4:59  Probe  
  56  5:09  Probe  
  57  5:16  Nexus  
  57  5:19  Pylon  
  57  5:20  Probe  
  58  5:24  Probe  
  59  5:36  Stalker  
  59  5:38  Stalker x2  
  59  5:40  Probe x2  
  64  5:50  Charge (Chrono Boost)  
  64  5:52  Probe  
  65  5:57  Probe  
  65  6:02  Gateway  
  65  6:03  Gateway  
  66  6:04  Probe  
  66  6:07  Gateway  
  66  6:11  Gateway  
  67  6:28  Stalker x3  
  73  6:39  Pylon  
  73  6:46  Gateway  
  73  6:51  Probe  
  73  6:52  Probe x2  
  76  6:57  Zealot x4  
  84  7:03  Zealot  
  84  7:04  Zealot  
  84  7:05  Gateway  
  84  7:06  Pylon  
  88  7:09  Pylon  
  86  7:19  Zealot x3  
  90  7:33  Zealot x3  
  94  7:43  Zealot x4  
  94  7:45  Probe x3  
  89  7:58  Zealot x3  
  89  8:02  Robotics Facility  
  93  8:10  Zealot x2  
  93  8:11  Zealot x4  
Show
View Real Time Build Order
Export as new Build Order

Stats Protoss 

Build Orders: Phoenix Opening, Zealot Archon 

Get SALT Encoding   

  12  0:00  Probe  
  13  0:13  Probe  
  14  0:18  Pylon  
  14  0:25  Probe (Chrono Boost)  
  15  0:37  Probe (Chrono Boost), Gateway  
  16  0:45  Probe (Chrono Boost)  
  16  0:46  Assimilator  
  17  0:51  Probe  
  17  0:54  Assimilator  
  18  1:03  Probe (Chrono Boost)  
  19  1:07  Gateway  
  19  1:14  Probe (Chrono Boost)  
  20  1:19  Probe (Chrono Boost)  
  20  1:24  Cybernetics Core  
  21  1:29  Probe  
  22  1:35  Pylon  
  22  1:41  Probe  
  23  1:54  Probe  
  24  2:00  Warp Gate, Stalker  
  26  2:06  Probe, Sentry  
  29  2:11  Pylon  
  29  2:34  Stalker  
  33  2:40  Phoenix  
  33  2:42  Stargate  
  30  2:50  Nexus  
  30  2:58  Shield Battery  
  30  3:07  Shield Battery  
  30  3:10  Probe  
  33  3:23  Probe  
  33  3:25  Pylon  
  35  3:35  Phoenix (Chrono Boost)  
  35  3:36  Shield Battery  
  35  3:38  Probe  
  35  3:44  Pylon  
  35  3:50  Probe  
  35  3:51  Phoenix (Chrono Boost)  
  38  3:59  Pylon  
  38  4:08  Phoenix  
  40  4:11  Probe (Chrono Boost)  
  40  4:12  Probe (Chrono Boost)  
  42  4:17  Robotics Facility  
  44  4:24  Probe x2 (Chrono Boost)  
  44  4:29  Probe x2 (Chrono Boost)  
  45  4:35  Sentry  
  45  4:36  Sentry  
  50  4:41  Probe x2  
  52  4:51  Pylon  
  52  4:53  Probe x2  
  54  5:05  Probe x2  
  60  5:08  Observer (Chrono Boost)  
  60  5:09  Forge  
  60  5:11  Assimilator  
  60  5:13  Assimilator  
  57  5:17  Probe  
  57  5:18  Probe  
  59  5:24  Immortal (Chrono Boost)  
  63  5:29  Probe  
  63  5:30  Probe  
  65  5:43  Protoss Ground Weapons Level 1 (Chrono Boost)  
  65  5:44  Nexus  
  63  5:50  Twilight Council  
  63  5:51  Pylon  
  63  5:59  Immortal (Chrono Boost)  
  63  6:03  Gateway  
  67  6:09  Gateway  
  67  6:16  Stalker x2  
  71  6:24  Gateway  
  71  6:25  Gateway  
  70  6:35  Immortal (Chrono Boost)  
  74  6:42  Adept x2  
  76  6:52  Pylon  
  76  6:53  Pylon  
  78  7:00  Phoenix  
  78  7:01  Gateway  
  76  7:03  Gateway, Templar Archives  
  76  7:08  Gateway  
  70  7:21  Zealot x3  
  76  7:31  Zealot x2  
  78  7:41  Zealot x3  
  60  7:54  High Templar x2  
  60  7:55  Zealot  
  60  7:58  Archon  
  60  7:59  Zealot  
  60  8:01  Zealot x2  
  60  8:02  Zealot  
  61  8:07  Zealot  

Tags
 
Add a new tag
Caveats
  • Supply blocks, unpowered buildings, or Contaminate may cause inaccurate times.
  • Supply counts are checked every 10 seconds.